 Dungeon Crawl Stone Soup version 0.31.0-32-g396128a36d (webtiles) character file.

Game seed: 15553970660009901509

49 FexLirch the Sneak (level 3, -2/23 HPs)
             Began as an Octopode Earth Elementalist on Mar 24, 2024.
             Slain by Sigmund
             ... wielding a +0 scythe
              (9 damage)
             ... on level 2 of the Dungeon.
             The game lasted 00:03:49 (1368 turns).

FexLirch the Sneak (Octopode Earth Elementalist)    Turns: 1368, Time: 00:03:50

Health: -2/23      AC:  1    Str:  7    XL:     3   Next: 77%
Magic:  4/6        EV: 13    Int: 19    God:
Gold:   62         SH:  0    Dex: 12    Spells: 2/6 levels left

rFire   . . .        j - +1 whip (freeze)
rCold   . . .        g - orb {*Rage}
rNeg    . . .        (helmet restricted)
rPois   +            k - amulet of reflection
rElec   .            h - ring of poison resistance
rCorr   .            (no ring)
SInv    .            (no ring)
Will    .....        (no ring)
Stlth   ++           (no ring)
HPRegen 0.23/turn    (no ring)
MPRegen 0.10/turn    (no ring)
                     (no ring)

%: random rage (20%), reflection
@: confused
A: almost no armour, amphibious, 8 rings, camouflage 1, gelatinous body 1,
(nimble swimmer 1), tentacles
a: no special abilities


You were on level 2 of the Dungeon.
You visited 1 branch of the dungeon, and saw 2 of its levels.

You collected 62 gold pieces.

Inventory:

Hand Weapons
 i - a +0 dagger
 j - a +1 whip of freezing (weapon)
Missiles
 b - 24 stones
Armour
 g - an orb of wrath (worn)
Jewellery
 h - a ring of poison resistance (left tentacle)
 k - an amulet of reflection (around mantle)
Scrolls
 c - a scroll of poison {unknown}
 d - a scroll of enchant armour {unknown}
 f - a scroll of torment {unknown}
Potions
 a - a potion of magic
 e - a potion of attraction {unknown}
 l - 2 potions of ambrosia {unknown}


   Skills:
 + Level 1.0 Fighting
 + Level 2.4 Dodging
 + Level 3.4 Stealth
 + Level 2.2 Spellcasting
 + Level 1.5 Conjurations
 + Level 3.3 Earth Magic


You had 2 spell levels left.
You knew the following spells:

 Your Spells              Type           Power      Damage    Failure   Level
a - Sandblast             Erth           28%        2d8       4%          1
b - Passwall              Erth           14%        N/A       13%         3

Your spell library contained the following spells:

 Spells                   Type           Power      Damage    Failure   Level
 Stone Arrow              Conj/Erth      22%        3d8       19%         3
 Gell's Gravitas          Tloc           2%         N/A       45%         3
 Teleport Other           Tloc           2%         N/A       45%         3
 Brom's Barrelling Bould  Conj/Erth      11%        2d3       52%         4
 Petrify                  Alch/Erth      8%         N/A       63%         4
 Dispersal                Tloc           1%         N/A       100%        6


Dungeon Overview and Level Annotations

Branches:
Dungeon (2/15)

Altars:

Annotations:
D:2 Sigmund


Innate Abilities, Weirdness & Mutations

You cannot wear most types of armour.
You are amphibious.
You can wear up to eight rings at the same time.
Your skin changes colour to match your surroundings (Stealth+).
Your rubbery body absorbs attacks. (AC +1, EV +1)
((You are camouflaged when in or above water. (Stealth+)))
You have tentacles for arms and can constrict up to eight enemies at once.


Message History

Casting: Sandblast (safe; 4% risk of failure)
Confirm with . or Enter, or press ? or * to list all spells.
Okay, then.
Unknown command.
Your +1 whip of freezing glows with a cold blue light!
j - a +1 whip of freezing (weapon)
Something hits you.
Casting: Sandblast (safe; 4% risk of failure)
Confirm with . or Enter, or press ? or * to list all spells.
You can't see any susceptible monsters within range! (Use Z to cast anyway.)
You hit something. You freeze something. Your squeeze misses something.
Casting: Sandblast (safe; 4% risk of failure)
Confirm with . or Enter, or press ? or * to list all spells.
Aiming: Sandblast (safe; 4% risk of failure)
Press: ? - help, Shift-Dir - straight line You miscast Sandblast.
You are very lightly contaminated with residual magic.
Nothing appears to happen.
Something hits you.
Casting: Sandblast (safe; 4% risk of failure)
Confirm with . or Enter, or press ? or * to list all spells.
Aiming: Sandblast (safe; 4% risk of failure)
Press: ? - help, Shift-Dir - straight line The blast of sand hits something.
Something barely misses you.
Casting: Sandblast (safe; 4% risk of failure)
Confirm with . or Enter, or press ? or * to list all spells.
Aiming: Sandblast (safe; 4% risk of failure)
Press: ? - help, Shift-Dir - straight line The blast of sand hits something!
You hear some strange, mumbled words.
You are confused.
You're too confused to cast spells.
Unknown command.
Unknown command.
You hear some strange, mumbled words.
You are more confused.
Something hits you.
You're too confused to move!
Something hits you!
Your magical contamination has completely faded away.
Something hits you!
You die...

##### # ...#
###.###.#########
...>...@........#
#####
.##...#....####.##
#....
#.#....{..###..#
#.... ..
###.##...###.###....
# #....#.###...'....
#.####..######....
#.# ##..# #.### #.#
##.## #.# #.#
#..####.###


There were no monsters in sight!

Vanquished Creatures
  An adder (D:2)
  A dart slug (D:1)
  3 endoplasms (D:1)
  3 giant cockroaches (D:2)
  4 goblins
  5 hobgoblins
  A quokka (D:1)
  2 ball pythons
  4 bats
  2 frilled lizards (D:1)
  4 kobolds
  4 rats
34 creatures vanquished.

Notes
Turn   | Place    | Note
-------+----------+-------------------------------------------
     0 | D:1      | FexLirch the Octopode Earth Elementalist began the quest
                  | for the Orb.
     0 | D:1      | Reached XP level 1. HP: 11/11 MP: 3/3
   139 | D:1      | Reached XP level 2. HP: 18/18 MP: 1/5
   644 | D:2      | Reached XP level 3. HP: 22/22 MP: 3/6
   649 | D:2      | Learned a level 3 spell: Passwall
  1144 | D:2      | Reached skill level 1 in Fighting
  1354 | D:2      | Noticed Sigmund
  1368 | D:2      | Slain by Sigmund

Illustrated notes

Levels and vault maps discovered:
D:1:      arrival_zaba_pyramid, layout_rooms, st_stairs_12
D:2:      layout_basic, uniq_sigmund

Skill      XL: |  1  2  3 |
---------------+----------+-----
Stealth        | 3 |  3.4
Fighting       | 1 |  1.0
Dodging        | |  2.4
Spellcasting   | |  2.2
Conjurations   | |  1.5
Earth Magic    | |  3.3

Action                     || total
---------------------------++-------
  Melee: Unarmed           ||    24
         Constrict         ||     7
         Tentacles         ||     6
         Whip              ||     2
   Cast: Sandblast         ||    40
   Stab: Distracted        ||     1
         Sleeping          ||     1
 Armour: Skin              ||    32
  Dodge: Dodged            ||    51
